 Dungeon Crawl Stone Soup version 0.31.0-11-ge490571c62 (webtiles) character file.

Game seed: 11781849706454428237

221 qw the Ducker (level 5, -5/26 HPs)
             Began as a Spriggan Hunter on Feb 4, 2024.
             Slain by an iguana (6 damage)
             ... on level 4 of the Dungeon.
             The game lasted 00:00:08 (1806 turns).

qw the Ducker (Spriggan Hunter)                     Turns: 1806, Time: 00:00:09

Health: -5/26      AC:  2    Str:  7    XL:     5   Next: 65%
Magic:  6/6        EV: 21    Int: 10    God:
Gold:   137        SH:  0    Dex: 21    Spells: 4/4 levels left

rFire   . . .        a - +0 shortbow
rCold   . . .        (shield currently unavailable)
rNeg    . . .        c - +0 robe
rPois   .            (helmet restricted)
rElec   .            (no cloak)
rCorr   .            (gloves unavailable)
SInv    +            (boots unavailable)
Will    .....        (no amulet)
Stlth   ++           (no ring)
HPRegen 0.24/turn    (no ring)
MPRegen 0.10/turn

%: no passive effects
@: about to teleport, very quick
A: very small, no large weapons, unfitting armour, see invisible, speed 3
a: no special abilities


You were on level 4 of the Dungeon.
You visited 1 branch of the dungeon, and saw 4 of its levels.

You collected 137 gold pieces.


Innate Abilities, Weirdness & Mutations

You are very small and have problems with some larger weapons.
You are too small for most types of armour.
You have supernaturally acute eyesight. (SInv)
You cover ground extremely quickly. (Speed+++)


   Skills:
 - Level 2.1 Fighting
 + Level 5.3 Ranged Weapons
 - Level 5.9 Dodging
 - Level 1.5 Stealth


You had 4 spell levels left.
You didn't know any spells.
Your spell library was empty.

Inventory:

Hand Weapons
 a - a +0 shortbow (weapon)
Armour
 c - a +0 robe (worn)
Potions
 b - a potion of enlightenment
 d - a potion of berserk rage {unknown}
 f - a potion of curing
 g - a potion of might
 h - a potion of haste

Dungeon Overview and Level Annotations

Branches:
Dungeon (4/15)
 Temple: D:4-7

Altars:


Message History

The arrow hits the iguana but does no damage.
The iguana bites you.
You shoot an arrow. The arrow hits the iguana.
The iguana is lightly wounded.
The iguana completely misses you.
You shoot an arrow. The arrow barely misses the iguana.
The iguana misses you.
You shoot an arrow. The arrow hits the iguana.
The iguana is heavily wounded.
The iguana barely misses you.
You shoot an arrow.
The arrow hits the iguana but does no damage.
The iguana is heavily wounded.
The iguana completely misses you.
You shoot an arrow. The arrow hits the iguana.
The iguana is heavily wounded.
The iguana bites you!
You shoot an arrow. The arrow closely misses the iguana.
The iguana barely misses you.
You shoot an arrow.
The arrow hits the iguana but does no damage.
The iguana is heavily wounded.
The iguana misses you. The iguana completely misses you.
You shoot an arrow.
The arrow hits the iguana but does no damage.
The iguana is heavily wounded.
The iguana misses you.
You shoot an arrow. The arrow closely misses the iguana.
The iguana completely misses you.
You shoot an arrow.
The arrow hits the iguana but does no damage.
The iguana is heavily wounded.
The iguana closely misses you.
You shoot an arrow. The arrow closely misses the iguana.
The iguana bites you!
1806 ||| READING scroll of teleportation.
As you read the scroll of teleportation, it crumbles to dust.
You feel strangely unstable. The iguana bites you.
You die...

.............#......#
#.............#......#
#.............#......#
#.............#......#
##...##...###)#......#
.....##'###..)...#######
#.........#......# .....
#.........#......#......
#.........#.....@l..$...
#%#####...#......#......
......#...#......#......
......#####......# #####
..................
..................
..................
.#####............. ..
...


You could see an iguana.

Vanquished Creatures
  A scorpion (D:3)
  A hound (D:4)
  An iguana (D:4)
  3 adders (D:2)
  4 ribbon worms
  2 dart slugs
  An orc (D:3)
  3 bats (D:2)
  4 endoplasms
  6 giant cockroaches
  7 goblins
  4 hobgoblins
  6 jackals
  4 kobolds
  8 quokkas
  2 ball pythons
  5 frilled lizards
  8 rats
70 creatures vanquished.

Notes
Turn   | Place    | Note
-------+----------+-------------------------------------------
     0 | D:1      | qw the Spriggan Hunter began the quest for the Orb.
     0 | D:1      | Reached XP level 1. HP: 10/10 MP: 2/2
     0 | D:1      | 0 ||| qw: Version: 0.3-a-160-g6735b56
     0 | D:1      | 0 ||| qw: Game counter: 5482
     0 | D:1      | 0 ||| qw: Melee chars always use a shield: true
     0 | D:1      | 0 ||| qw: God list: Okawaru
     0 | D:1      | 0 ||| qw: Allow faded altars: false
     0 | D:1      | 0 ||| qw: Do Orc after clearing Dungeon:15 true
     0 | D:1      | 0 ||| qw: Do second Lair branch before Depths: true
     0 | D:1      | 0 ||| qw: Lair rune preference: random
     0 | D:1      | 0 ||| qw: Goals: Normal
     0 | D:1      | 0 ||| PLANNING D:1-11
    19 | D:1      | Reached skill level 3 in Dodging
   108 | D:1      | Reached XP level 2. HP: 11/14 MP: 3/3
   247 | D:1      | Found a faded altar of an unknown god.
   481 | D:1      | HP: 2/14 [jackal (2)]
   482 | D:1      | Reached XP level 3. HP: 3/18 MP: 4/4
   713 | D:1      | 713 ||| READING scroll labelled GIMYER XUWEERURPHAU.
   714 | D:1      | 714 ||| DROPPING scroll of butterflies.
   955 | D:2      | Reached XP level 4. HP: 22/22 MP: 5/5
  1206 | D:2      | 1206 ||| READING 4 scrolls labelled ACLUKANEUNK.
  1206 | D:2      | 1206 ||| IDENTIFYING sapphire potion
  1207 | D:2      | 1207 ||| READING 3 scrolls of identify.
  1207 | D:2      | 1207 ||| IDENTIFYING bubbling pink potion
  1208 | D:2      | 1208 ||| READING 2 scrolls of identify.
  1208 | D:2      | 1208 ||| IDENTIFYING lumpy cyan potion
  1209 | D:2      | 1209 ||| READING scroll of identify.
  1209 | D:2      | 1209 ||| IDENTIFYING brown potion
  1210 | D:2      | 1210 ||| READING scroll labelled ZIAPNA PAZUE.
  1215 | D:2      | 1215 ||| DRINKING 2 fuming silvery potions.
  1216 | D:2      | 1216 ||| DROPPING potion of brilliance.
  1562 | D:3      | Noticed a scorpion
  1565 | D:3      | 1565 ||| DRINKING 2 potions of haste.
  1578 | D:3      | Killed a scorpion
  1579 | D:3      | Reached XP level 5. HP: 21/25 MP: 6/6
  1698 | D:3      | 1698 ||| READING 2 scrolls of identify.
  1698 | D:3      | 1698 ||| IDENTIFYING puce potion
  1699 | D:3      | 1699 ||| READING scroll of identify.
  1699 | D:3      | 1699 ||| IDENTIFYING scroll labelled YNILLE OREUXZA
  1700 | D:3      | 1700 ||| DROPPING scroll of poison.
  1701 | D:3      | 1701 ||| DROPPING potion of lignification.
  1805 | D:4      | HP: 1/26 [iguana (12)]
  1806 | D:4      | 1806 ||| READING scroll of teleportation.
  1806 | D:4      | Slain by an iguana

Levels and vault maps discovered:
D:1:      ebering_hopf_link, layout_loops_ring, ebering_ecumenical_altar_webs,
          minivault_11
D:2:      layout_rooms, minmay_fractal_squares_5
D:3:      layout_loops_ring
D:4:      layout_gridville, nicolae_overflow_macrodata_refinement,
          grunt_ministairs_5, minmay_checkerbox

Skill      XL: |  1  2  3  4  5 |
---------------+----------------+-----
Dodging        | 3 4 5 |  5.9
Ranged Weapons | 5 |  5.3
Fighting       | 2 |  2.1
Stealth        | |  1.5

Action                     |  1- 3 |  4- 6 || total
---------------------------+-------+-------++-------
   Fire: Shortbow          |   111 |    96 ||   207
    Use: Scroll            |     1 |     8 ||     9
         Potion            |       |     2 ||     2
 Armour: Robe              |    17 |     9 ||    26
  Dodge: Dodged            |    57 |    38 ||    95

Table legend:
 A = Non-vault XP
 B = Vault XP
 C = Vault XP percentage of total XP
 D = Non-vault monster count
 E = Vault monster count
 F = Vault count percentage of total count
                 A         B        C        D         E       F
            +---------+---------+-------+---------+---------+-------
      Total |     306 |      11 |   3.5 |      65 |       5 |   7.1
            +---------+---------+-------+---------+---------+-------
        D:1 |      46 |       0 |   0.0 |      24 |       0 |   0.0
        D:2 |      71 |      11 |  13.4 |      21 |       5 |  19.2
        D:3 |     106 |       0 |   0.0 |      15 |       0 |   0.0
        D:4 |      83 |       0 |   0.0 |       5 |       0 |   0.0
            +---------+---------+-------+---------+---------+-------
